Map: Cosmic Sapphire

Players

Solar

  • Race: Zerg Zerg
  • League: Master
  • Spawn Location: 5:00

Geralt (Gerald) - Winner!

  • Race: Protoss Protoss
  • League: Master
  • Spawn Location: 11:00

Event: HomeStory Cup XXII

VOD

Have the link to the VOD?

Description

Time

  • Played on: Dec. 15, 2022, 3:19 p.m.
  • Length: 14:40

All games in this series

Show
View Real Time Build Order
Export as new Build Order

Solar Zerg 

Build Orders: Hatch First 

Get SALT Encoding   

  12  0:00  Drone  
  13  0:12  Overlord  
  13  0:17  Drone  
  14  0:31  Drone x2  
  16  0:43  Drone  
  17  0:51  Hatchery  
  17  0:54  Drone  
  17  0:57  Drone  
  18  1:08  Extractor  
  17  1:13  Spawning Pool  
  17  1:16  Drone  
  17  1:19  Drone  
  18  1:28  Drone  
  19  1:39  Drone  
  20  1:49  Overlord  
  20  2:00  Queen  
  22  2:03  Queen  
  22  2:05  Zergling x4  
  26  2:14  Metabolic Boost, Drone x2  
  28  2:24  Drone  
  28  2:25  Drone  
  30  2:39  Hatchery  
  30  2:42  Zergling x2  
  30  2:46  Queen  
  32  2:52  Overlord  
  32  2:53  Drone  
  32  2:57  Drone  
  34  2:59  Drone  
  34  3:04  Zergling x2  
  35  3:14  Drone x5  
  35  3:17  Queen  
  42  3:20  Zergling x2  
  42  3:25  Overlord  
  42  3:38  Overlord  
  42  3:43  Queen  
  42  3:45  Drone  
  42  3:47  Drone x2  
  47  3:48  Spore Crawler  
  47  3:50  Drone  
  47  3:54  Queen  
  47  3:55  Drone  
  50  3:57  Drone  
  50  3:58  Drone  
  50  4:00  Drone  
  53  4:06  Drone  
  53  4:07  Spore Crawler  
  53  4:08  Drone  
  53  4:10  Drone  
  53  4:11  Drone  
  53  4:16  Overlord  
  55  4:18  Drone x2  
  55  4:19  Drone  
  57  4:28  Drone  
  57  4:29  Drone x2  
  60  4:32  Overlord  
  60  4:33  Lair  
  60  4:34  Overlord  
  60  4:37  Drone x2  
  62  4:39  Drone  
  62  4:40  Drone  
  64  4:45  Roach Warren  
  64  4:47  Drone x2  
  64  4:49  Extractor  
  64  4:50  Drone  
  64  4:51  Extractor  
  64  4:52  Drone x2  
  65  4:54  Drone  
  65  4:57  Zergling x6  
  69  5:01  Drone x3  
  69  5:04  Overlord  
  69  5:05  Drone x2  
  74  5:07  Drone  
  74  5:09  Drone  
  74  5:12  Drone, Extractor  
  74  5:13  Extractor  
  73  5:19  Overlord  
  73  5:20  Drone  
  74  5:23  Drone  
  75  5:29  Drone x2  
  75  5:33  Overseer  
  75  5:34  Drone  
  78  5:37  Hatchery  
  78  5:38  Spire  
  78  5:39  Drone x2  
  78  5:40  Drone x2  
  80  5:43  Queen  
  80  5:46  Overlord  
  80  5:47  Extractor  
  80  5:48  Drone  
  82  5:51  Drone  
  82  5:55  Drone x4  
  86  5:58  Drone  
  86  5:59  Overlord  
  86  6:03  Zergling x6  
  90  6:08  Evolution Chamber  
  90  6:09  Overlord  
  87  6:12  Zergling x10  
  87  6:14  Queen  
  87  6:15  Drone  
  94  6:21  Drone x2  
  94  6:22  Overlord  
  96  6:26  Overlord  
  96  6:27  Drone  
  96  6:28  Overlord  
  96  6:31  Drone  
  97  6:34  Overlord  
  97  6:42  Extractor  
  97  6:45  Extractor  
  97  6:46  Spore Crawler  
  95  6:47  Drone x4  
  95  6:52  Corruptor x4  
  100  6:56  Corruptor  
  100  6:58  Corruptor  
  102  7:03  Corruptor  
  101  7:10  Zerg Melee Weapons Level 1  
  101  7:12  Drone  
  101  7:13  Baneling Nest  
  101  7:18  Drone x7  
  101  7:21  Drone x3  
  104  7:24  Corruptor  
  104  7:33  Drone x2  
  104  7:34  Drone x3  
  104  7:35  Glial Reconstitution  
  104  7:36  Drone x2  
  111  7:39  Zerg Flyer Weapons Level 1  
  111  7:40  Drone  
  111  7:41  Overlord  
  112  7:44  Corruptor  
  112  7:48  Zergling x6  
  112  7:50  Drone  
  118  7:55  Overlord  
  118  7:59  Centrifugal Hooks, Roach x4  
  118  8:03  Drone  
  118  8:04  Drone  
  127  8:06  Drone  
  127  8:07  Drone  
  127  8:09  Zergling x8  
  131  8:13  Zergling x8  
  131  8:16  Corruptor  
  137  8:20  Drone  
  137  8:24  Overlord  
  137  8:28  Overlord  
  137  8:31  Roach x3  
  137  8:32  Overlord  
  143  8:34  Overlord  
  143  8:35  Hatchery  
  143  8:37  Overlord  
  143  8:38  Overlord  
  143  8:40  Overseer  
  142  8:48  Zergling x22  
  145  8:52  Zergling x2, Roach x3  
  154  8:56  Zergling x2  
  154  8:57  Zergling x6  
  156  9:07  Zergling x14  
  162  9:12  Baneling x10  
  162  9:13  Baneling x6  
  162  9:20  Overlord  
  162  9:22  Baneling x17  
  162  9:23  Zergling x4, Baneling x4  
  164  9:25  Roach x2  
  164  9:26  Zergling x2  
  164  9:29  Zerg Melee Weapons Level 2  
  169  9:31  Zergling x4  
  169  9:36  Zergling x10  
  175  9:39  Zergling x6  
  175  9:42  Zergling x6  
  181  9:50  Zergling x16  
  181  9:57  Roach x2  
  165  10:02  Zergling x4  
  165  10:06  Zergling x8  
  146  10:09  Corruptor x5  
  146  10:14  Zergling x12  
  151  10:18  Baneling x9  
  151  10:19  Roach  
  143  10:21  Zergling x4  
  143  10:22  Zergling x2  
  143  10:25  Zergling x6  
  143  10:26  Ravager x3  
  152  10:29  Roach  
  152  10:30  Baneling  
  152  10:31  Baneling x7  
  152  10:34  Zergling x2, Roach x2  
  159  10:36  Zergling x4  
  159  10:38  Baneling x6  
  159  10:40  Zergling x4  
  160  10:44  Corruptor  
  160  10:48  Zergling x12  
  168  10:50  Corruptor  
  168  10:55  Zergling x2, Roach x3  
  168  10:56  Zergling x2  
  178  10:57  Zergling x2  
  178  11:01  Spore Crawler, Corruptor  
  178  11:03  Zergling x2  
  178  11:04  Zergling x4  
  183  11:07  Overlord  
  183  11:10  Drone x3  
  183  11:11  Drone  
  186  11:12  Drone  
  186  11:13  Drone  
  186  11:14  Drone  
  186  11:15  Corruptor  
  186  11:17  Drone x3  
  182  11:19  Drone  
  182  11:20  Drone  
  182  11:24  Drone  
  183  11:28  Corruptor x2  
  187  11:32  Baneling  
  187  11:33  Baneling x7, Drone x3  
  187  11:36  Corruptor  
  192  11:41  Zergling x10  
  195  11:47  Zergling x10  
  195  11:50  Baneling  
  195  11:51  Baneling x8  
  198  12:06  Zergling x4  
  198  12:07  Infestation Pit  
  191  12:10  Zergling x10  
  191  12:13  Zergling x8  
  199  12:16  Baneling x8  
  199  12:21  Zergling x2  
  199  12:22  Zergling x4  
  200  12:35  Zergling x10, Hatchery  
  200  12:36  Zergling x4  
  200  12:37  Zergling x2  
  199  12:39  Baneling x5  
  199  12:41  Zergling x2  
  199  12:46  Baneling x7  
  199  12:57  Zergling x2  
  199  12:58  Zergling x2  
  199  13:02  Zergling x10  
  199  13:05  Zergling x18  
  195  13:08  Zergling x8  
  195  13:11  Baneling x28  
  200  13:13  Hatchery, Hive  
  200  13:17  Pneumatized Carapace  
  200  13:18  Zergling x2  
  196  13:27  Zergling x8  
  192  13:38  Zergling x8  
  172  13:42  Zergling x24  
  172  13:44  Zergling x4  
  177  13:50  Zergling x4  
  177  13:53  Zergling x8  
  177  13:54  Baneling x11  
  183  13:59  Zergling x4  
  185  14:05  Zergling x10  
  185  14:07  Baneling x10  
  185  14:09  Zergling x6  
  191  14:14  Roach x2  
  191  14:15  Ravager x4  
  188  14:20  Zergling x6  
Show
View Real Time Build Order
Export as new Build Order

Geralt Protoss - Winner!

Build Orders: 1 Gate Expand, Oracle Opening, Mass Phoenix 

Get SALT Encoding   

  12  0:00  Probe  
  13  0:12  Probe  
  14  0:20  Pylon  
  14  0:24  Probe  
  15  0:38  Probe (Chrono Boost)  
  15  0:41  Gateway  
  16  0:47  Probe (Chrono Boost)  
  16  0:49  Assimilator  
  17  0:52  Probe (Chrono Boost)  
  19  1:04  Probe  
  19  1:16  Probe  
  20  1:25  Nexus  
  20  1:28  Probe  
  21  1:39  Cybernetics Core  
  21  1:42  Probe  
  22  1:47  Assimilator  
  22  1:54  Probe  
  22  1:55  Pylon  
  23  2:13  Probe  
  23  2:15  Adept (Chrono Boost)  
  24  2:21  Stargate  
  26  2:25  Probe  
  27  2:35  Adept (Chrono Boost)  
  27  2:37  Warp Gate, Probe  
  27  2:39  Probe  
  31  2:49  Probe  
  32  2:51  Probe  
  32  2:57  Adept  
  35  3:01  Probe  
  36  3:06  Oracle (Chrono Boost)  
  39  3:14  Probe  
  39  3:18  Probe, Pylon  
  41  3:26  Probe  
  42  3:30  Probe  
  43  3:38  Probe  
  43  3:39  Void Ray (Chrono Boost)  
  48  3:42  Probe  
  48  3:48  Pylon  
  49  3:50  Probe  
  49  3:54  Probe  
  51  4:02  Probe  
  50  4:06  Probe, Pylon  
  51  4:13  Nexus, Pylon  
  51  4:14  Probe  
  52  4:19  Probe  
  52  4:20  Pylon  
  53  4:25  Assimilator  
  53  4:26  Probe, Stargate  
  53  4:27  Assimilator  
  53  4:31  Probe  
  55  4:32  Stargate  
  55  4:38  Probe  
  55  4:41  Pylon  
  55  4:42  Adept  
  55  4:43  Probe  
  59  4:50  Probe  
  59  4:52  Shield Battery  
  60  4:55  Probe  
  60  4:56  Phoenix (Chrono Boost)  
  63  5:01  Gateway  
  63  5:03  Probe  
  64  5:07  Probe  
  65  5:15  Probe  
  65  5:16  Phoenix (Chrono Boost)  
  65  5:19  Phoenix x2 (Chrono Boost), Probe  
  70  5:27  Probe  
  70  5:28  Probe  
  72  5:31  Probe  
  72  5:33  Phoenix (Chrono Boost)  
  72  5:34  Adept  
  77  5:39  Probe  
  77  5:40  Probe  
  77  5:42  Pylon  
  81  5:43  Probe  
  81  5:48  Assimilator  
  81  5:49  Assimilator  
  82  5:51  Probe  
  82  5:52  Phoenix (Chrono Boost), Probe  
  82  5:55  Phoenix (Chrono Boost)  
  86  5:58  Probe  
  86  5:59  Phoenix (Chrono Boost)  
  86  6:03  Forge, Probe  
  90  6:04  Probe, Pylon  
  90  6:09  Zealot  
  90  6:10  Probe  
  94  6:15  Probe  
  94  6:16  Probe  
  94  6:17  Phoenix  
  94  6:18  Phoenix  
  100  6:23  Probe  
  101  6:27  Probe, Stalker  
  101  6:28  Probe  
  101  6:30  Protoss Ground Weapons Level 1 (Chrono Boost)  
  101  6:31  Twilight Council  
  105  6:32  Pylon  
  105  6:35  Probe  
  105  6:37  Stalker  
  105  6:39  Probe  
  107  6:53  Probe  
  107  6:54  Zealot  
  110  7:02  Charge (Chrono Boost)  
  110  7:06  Phoenix x2  
  110  7:08  Probe  
  114  7:09  Zealot  
  114  7:15  Gateway  
  116  7:17  Phoenix, Gateway  
  116  7:19  Gateway  
  116  7:21  Gateway  
  118  7:23  Adept, Gateway  
  118  7:25  Probe  
  118  7:27  Gateway  
  118  7:31  Phoenix  
  118  7:32  Templar Archives  
  119  7:43  Protoss Air Weapons Level 1 (Chrono Boost)  
  117  7:45  Nexus  
  117  7:47  Pylon  
  117  7:55  Probe, Pylon  
  117  7:57  Photon Cannon  
  118  7:59  Photon Cannon  
  118  8:01  Shield Battery  
  118  8:04  Gateway  
  118  8:07  Gateway  
  118  8:11  High Templar x3  
  121  8:12  Probe  
  121  8:15  Shield Battery, Photon Cannon  
  121  8:16  Zealot x2, High Templar  
  121  8:17  Archon  
  121  8:18  Pylon  
  127  8:25  Archon  
  127  8:28  Shield Battery, Photon Cannon  
  127  8:32  Probe, Photon Cannon  
  127  8:34  Protoss Ground Weapons Level 2 (Chrono Boost)  
  128  8:35  Zealot x2  
  128  8:36  Assimilator  
  128  8:38  Assimilator  
  128  8:40  Zealot x2  
  128  8:41  Pylon  
  136  8:45  Zealot x3  
  144  9:01  High Templar x3  
  146  9:02  High Templar  
  146  9:03  Zealot x3, Probe  
  151  9:11  Archon x2  
  151  9:13  Gateway  
  151  9:21  Zealot  
  151  9:22  Zealot x2  
  151  9:23  Probe x3  
  160  9:38  High Templar x4  
  162  9:44  Archon  
  168  9:45  Photon Cannon  
  168  9:46  Pylon  
  168  9:52  Archon  
  148  9:57  Zealot x6  
  144  10:03  Phoenix x2  
  134  10:11  Zealot x5  
  138  10:18  High Templar x2  
  138  10:19  Phoenix (Chrono Boost), Zealot x3  
  148  10:22  Nexus  
  148  10:25  Archon  
  148  10:27  Phoenix x2 (Chrono Boost)  
  152  10:32  Probe x2, Pylon  
  152  10:35  Unknown  
  154  10:38  Protoss Air Armor Level 1 (Chrono Boost)  
  154  10:40  Phoenix (Chrono Boost), High Templar x2  
  154  10:41  Zealot x6  
  168  10:44  Archon  
  168  10:47  Phoenix x2  
  168  10:49  Protoss Ground Weapons Level 3 (Chrono Boost)  
  172  10:55  Shield Battery, Photon Cannon  
  172  10:57  Zealot, Pylon  
  174  11:02  Blink, Pylon  
  174  11:19  Zealot x6  
  174  11:20  Zealot  
  183  11:28  Shield Battery  
  183  11:30  Shield Battery  
  183  11:32  Gateway  
  183  11:34  High Templar x3  
  183  11:35  High Templar  
  183  11:38  Photon Cannon  
  189  11:40  Archon x2  
  189  11:44  Psionic Storm  
  179  11:48  Zealot x7  
  193  12:07  High Templar x3  
  183  12:13  Zealot x7  
  183  12:14  High Templar  
  187  12:27  Stalker  
  189  12:35  Fleet Beacon  
  177  12:42  High Templar x3  
  177  12:43  Stalker x2  
  185  12:51  Stalker x4  
  185  12:58  Stalker  
  187  13:10  Probe  
  177  13:15  Stalker x4  
  177  13:16  Stalker x7  
  197  13:21  Pylon  
  195  13:28  Stalker  
  169  13:44  Stalker x8  
  169  13:47  Stalker  
  181  14:05  Stalker x2  
  181  14:06  Stalker  
  185  14:15  Zealot x7  
  189  14:26  Archon  
  169  14:33  Zealot x5  
Tags
 
Add a new tag
Caveats
  • Supply blocks, unpowered buildings, or Contaminate may cause inaccurate times.
  • Supply counts are checked every 10 seconds.